 Dungeon Crawl Stone Soup version 0.30-a0-779-g7971cf19c3 (webtiles) character file.

Game seed: 5001538091580267023

59521 funkygono the Scorcher (level 14, -11/74 HPs)
             Began as a Gargoyle Fire Elementalist on Feb 17, 2023.
             Was a High Priest of Sif Muna.
             Mangled by a sun demon (13 damage)
             ... summoned by an orc high priest
             ... on level 2 of the Orcish Mines.
             The game lasted 00:56:22 (22540 turns).

funkygono the Scorcher (GrFE)                      Turns: 22540, Time: 00:56:23

Health: -11/74     AC: 21    Str: 16    XL:     14   Next: 95%
Magic:  3/32       EV: 13    Int: 26    God:    Sif Muna [*****.]
Gold:   2690       SH:  0    Dex: 10    Spells: 13/42 levels left

rFire   . . .      SeeInvis .    C - +3 mace (protect)
rCold   . . .      Faith    .    (no shield)
rNeg    + . .      Spirit   .    (no body armour)
rPois   ∞          Reflect  .    v - +2 helmet
rElec   +          Harm     .    a - +2 cloak
rCorr   .          Rampage  .    x - +2 pair of gloves
Will    ++...                    n - +1 pair of boots
Stlth   +++                      Q - amulet "Esuexeiz" {RegenMP Str+3 Stlth+}
HPRegen 0.32/turn                N - +6 ring of intelligence
MPRegen 0.63/turn                k - ring of willpower

@: about to teleport, flying, studying 2 skills, unable to drink
A: sickness immunity, AC +10, big wings, negative energy resistance 1,
electricity resistance, torment resistance 1, petrification resistance,
inability to drink after injury 1
a: Renounce Religion, Channel Magic, Forget Spell, Divine Exegesis


You were on level 2 of the Orcish Mines.
You worshipped Sif Muna.
Sif Muna was extremely pleased with you.
You visited 4 branches of the dungeon, and saw 18 of its levels.
You also visited: Sewer, Bailey, Gauntlet and Ice Cave.

You collected 3004 gold pieces.
You spent 314 gold pieces at shops.

Inventory:

Hand Weapons
 f - a +0 quarterstaff
 C - a +3 mace of protection (weapon)
Armour
 a - a +2 cloak (worn)
 e - a +2 robe of the Archmagi
 n - a +1 pair of boots (worn)
 v - a +2 helmet (worn)
 x - a +2 pair of gloves (worn)
 y - a +2 robe of willpower
 I - a +2 robe of cold resistance
Magical Staves
 S - a staff of death
Jewellery
 k - a ring of willpower (right hand)
 G - an amulet of faith
 M - a ring of ice
 N - a +6 ring of intelligence (left hand)
 Q - the amulet "Esuexeiz" (around neck) {RegenMP Str+3 Stlth+}
   (You found it in a Gauntlet)

   [amulet of magic regeneration]

   It increases your rate of magic regeneration.
   Str:       It affects your strength (+3).
   Stlth:     It makes you more stealthy.
Wands
 s - a wand of flame (61)
 F - a wand of roots (4)
 J - a wand of paralysis (4)
Scrolls
 d - a scroll of butterflies
 g - 7 scrolls of teleportation
 p - 5 scrolls of blinking
 E - 3 scrolls of fog
 H - a scroll of amnesia
 P - a scroll of fear
 R - 5 scrolls of identify
Potions
 b - 2 potions of magic
 h - 3 potions of heal wounds
 i - a potion of haste
 j - 7 potions of curing
 q - 2 potions of cancellation
 r - 5 potions of mutation
 t - 5 potions of brilliance
 u - 2 potions of ambrosia
 z - 3 potions of invisibility
 D - a potion of resistance
Miscellaneous
 c - a piece from Xom's chessboard (15/15)
 T - a phantom mirror


   Skills:
 + Level 3.2 Fighting
 + Level 2.2 Maces & Flails
 + Level 4.6 Dodging
 - Level 2.1 Stealth
 + Level 14.7 Spellcasting
 + Level 12.4 Conjurations
 + Level 15.4 Fire Magic
 + Level 5.2 Invocations


You had 13 spell levels left.
You knew the following spells:

 Your Spells              Type           Power      Damage    Failure   Level
a - Foxfire               Conj/Fire      100%       2x1d9     0%          1
b - Scorch                Fire           100%       2d10      0%          2
c - Flame Wave            Conj/Fire      75%        2d17      1%          4
d - Fireball              Conj/Fire      37%        3d15      1%          5
e - Magic Dart            Conj           100%       1d8       1%          1
f - Hailstorm             Conj/Ice       51%        3d11      1%          3
g - Starburst             Conj/Fire      37%        6d11      1%          6
h - Searing Ray           Conj           100%       2d8       1%          2
i - Iskenderun's Battles  Conj           71%        2d12      1%          5

Your spell library contained the following spells:

 Spells                   Type           Power      Damage    Failure   Level
 Kiss of Death            Conj/Necr      100%       2d13      1%          1
 Momentum Strike          Conj/Tloc      100%       3d10      1%          2
 Dazzling Flash           Conj/Hex       100%       N/A       1%          3
 Ignite Poison            Fire/Tmut/Pois 45%        N/A       1%          3
 Inner Flame              Hex/Fire       56%        N/A       1%          3
 Kindle Blastsparks       Fire/Tloc/Air  90%        2d17      1%          3
 Mephitic Cloud           Conj/Pois/Air  40%        N/A       1%          3
 Stone Arrow              Conj/Erth      100%       3d13      1%          3
 Sticky Flame             Conj/Fire      75%        2d9       1%          4
 Apportation              Tloc           38%        N/A       2%          1
 Necrotise                Necr           76%        1d7       2%          1
 Slow                     Hex            76%        N/A       2%          1
 Summon Small Mammal      Summ           76%        N/A       2%          1
 Fulminant Prism          Conj/Hex       25%        3d14      2%          4
 Iskenderun's Mystic Bla  Conj/Tloc      51%        2d11      2%          4
 Call Imp                 Summ           19%        N/A       4%          2
 Wereblood                Tmut           19%        N/A       4%          2
 Arcjolt                  Conj/Air       25%        1d35      6%          5
 Lightning Bolt           Conj/Air       25%        1d41      6%          5
 Confusing Touch          Hex            19%        N/A       9%          3
 Portal Projectile        Hex/Tloc       38%        N/A       9%          3
 Tukima's Dance           Hex            19%        N/A       9%          3
 Vampiric Draining        Necr           19%        2d7       9%          3
 Ice Form                 Ice/Tmut       19%        N/A       28%         4
 Blade Hands              Tmut           9%         N/A       61%         5
 Lee's Rapid Deconstruct  Erth           9%         3d7*      61%         5
 Simulacrum               Ice/Necr       9%         N/A       99%         6
 Storm Form               Tmut/Air       9%         N/A       100%        7
 Lehudib's Crystal Spear  Conj/Erth      25%        10d7      100%        8
 Chain Lightning          Conj/Air       25%        3d34      100%        9
 Fire Storm               Conj/Fire      37%        8d10      100%        9
 Shatter                  Erth           9%         3d11*     100%        9


Dungeon Overview and Level Annotations

Branches:
Dungeon (10/15)            Temple (1/1) D:4            Lair (5/5) D:8
  Swamp (0/4) Lair:2        Snake (0/4) Lair:3        Slime (0/5) Lair:5
    Orc (2/2) D:10            Elf (0/3) Orc:2         Sewer (visited)
 Bailey (visited)           IceCv (visited)         Gauntlet (visited)

Altars:
Ashenzari
Cheibriados
Dithmenos
Elyvilon
Fedhas
Gozag
Hepliaklqana
Kikubaaqudgha
Makhleb
Nemelex Xobeh
Okawaru
Qazlal
Ru
Sif Muna
Trog
Uskayaw
Vehumet
Wu Jian
Xom
Yredelemnul
Zin
The Shining One
Jiyva

Shops:
D:1 ?   D:3 [   Orc:1 (

Annotations:
D:9 2 transporters, exclusion: oklob plant, sanka's ghost, journeyman GrEE
Lair:1 2 transporters


Innate Abilities, Weirdness & Mutations

You are immune to sickness and miasma.
Your stone body is resilient. (AC +10)
You are immune to poison.
Your large and strong wings let you fly.
You resist negative energy. (rN+)
You are resistant to electric shocks. (rElec)
You are resistant to unholy torment.
You are immune to petrification.
You occasionally lose the ability to drink potions when taking damage.


Message History

You conjure some foxfire!
The foxfire hits the sun demon.
The sun demon completely resists.
The sun demon is moderately wounded.
The foxfire hits the sun demon.
The sun demon completely resists.
The sun demon is moderately wounded.
The sun demon hits you but does no damage.
The orc knight misses you.
The foxfire hits the orc warrior but does no damage.
The orc warrior is lightly wounded.
The sun demon hits you!
* * * LOW HITPOINT WARNING * * *
You are engulfed in flames!
You feel threatened and lose the ability to drink potions!
* * * LOW HITPOINT WARNING * * *
Unknown command.
Unknown command.
You cannot drink potions in your current state!
Unknown command.
Unknown command.
You cannot drink potions in your current state!
Unknown command.
Unknown command.
Okay, then.
As you read the scroll of teleportation, it crumbles to dust.
You feel strangely unstable.
The orc warrior no longer looks unusually strong.
The foxfire hits the sun demon but does no damage.
The sun demon is moderately wounded.
The orc knight misses you. The orc high priest barely misses you.
The sun demon barely misses you.
Unknown command.
You cannot drink potions in your current state!
Unknown command.
Unknown command.
The orc warrior throws a boomerang.
The boomerang hits you but does no damage.
The sun demon attacks as you move away! The sun demon hits you.
* * * LOW HITPOINT WARNING * * *
You are engulfed in flames!
You die...

.#..........# .#.).#..#
..........).# ......#
........)...#######)..#####
..........))#..)...........
..........))#.....)........
........)..)))).))o).......
............)..3ooo........
.............)..)..........
...............@3..........
...............)).........
.........................
........................
........................
........................
...................
..................
#..............


You could see an orc knight, an orc high priest (strong), a sun demon
(summoned), a neqoxec (summoned), an orc warrior and an orc priest (strong).

Vanquished Creatures
  A minotaur (Gauntlet)
  An ice dragon (IceCv)
  5 hydras
  Erica (D:8)
  2 two-headed ogres
  A thrashing horror (Gauntlet)
  A goliath frog (Lair:5)
  2 sixfirhies (Gauntlet)
  A skyshark (Lair:5)
  2 orc knights
  Pikel (D:8)
  A lindwurm (Lair:3)
  2 deep elf pyromancers (D:10)
  An oklob plant (Lair:2)
  6 black mambas
  A torpor snail (Gauntlet)
  13 elephants
  2 ice statues (IceCv)
  20 cane toads
  A minotaur zombie (Gauntlet)
  2 kobold demonologists (Bailey)
  11 komodo dragons
  5 rime drakes
  2 ice devils (Lair:4)
  2 polar bears (Lair:5)
  13 dream sheep
  4 tyrant leeches
  21 blink frogs
  Sigmund (D:5)
  43 yaks
  3 wyverns
  Grum (Lair:1)
  3 basilisks
  5 vampire mosquitoes (Lair:5)
  A warg (Orc:2)
  A naga (Lair:3)
  2 swamp worms (Lair:2)
  16 water moccasins
  A swamp drake (D:10)
  An ice beast (D:7)
  31 orc warriors
  4 ogres
  A black bear (D:4)
  20 wolves
  8 centaurs
  A lemure (D:8)
  2 phantoms (D:5)
  3 kobold brigands
  A necrophage (D:5)
  2 gnoll sergeants (D:8)
  17 bullfrogs
  3 scorpions
  3 small abominations (Gauntlet)
  16 wights
  A lindwurm simulacrum (IceCv)
  9 killer bees
  7 electric eels
  A howler monkey (D:7)
  A crimson imp (D:10)
  4 komodo dragon simulacra (IceCv)
  4 hounds
  19 orc priests
  2 gnoll boudas (D:7)
  8 jellies
  An iron imp (D:10)
  7 hell rats (Lair:3)
  An iguana (D:5)
  15 orc wizards
  20 gnolls
  6 acid dragon simulacra (IceCv)
  19 adders
  14 river rats (Lair:3)
  2 shadow imps
  2 white imps
  2 ufetubi
  10 steam dragon simulacra (IceCv)
  2 worms
  2 dart slugs
  83 orcs
  5 bats
  14 endoplasms
  15 giant cockroaches
  21 goblins
  11 hobgoblins
  6 jackals (D:2)
  9 quokkas
  15 ball pythons
  11 frilled lizards
  15 kobolds
  17 rats
696 creatures vanquished.

Vanquished Creatures (collateral kills)
  24 foxfires
24 creatures vanquished.

Vanquished Creatures (others)
  An orc (D:10)
  A bush (D:7)
  14 demonic plants (Gauntlet)
  2105 foxfires
  34 fungi
  156 plants
  25 withered plants (Gauntlet)
2336 creatures vanquished.

Grand Total: 3056 creatures vanquished

Notes
Turn   | Place    | Note
-------+----------+-------------------------------------------
     0 | D:1      | funkygono the Gargoyle Fire Elementalist began the quest
                  | for the Orb.
     0 | D:1      | Reached XP level 1. HP: 10/10 MP: 3/3
   173 | D:1      | Reached XP level 2. HP: 15/15 MP: 0/5
   239 | D:1      | Learned a level 2 spell: Scorch
   391 | D:1      | Found Iphioh Baiz's Magic Scroll Boutique.
   869 | D:1      | Reached XP level 3. HP: 19/19 MP: 3/6
  1567 | D:2      | Reached XP level 4. HP: 24/24 MP: 1/7
  1592 | D:2      | Learned a level 4 spell: Flame Wave
  1862 | D:2      | Found a faded altar of an unknown god.
  2039 | D:2      | Reached skill level 4 in Fire Magic
  2173 | D:3      | Found a glowing drain.
  2263 | D:3      | Reached XP level 5. HP: 26/28 MP: 1/9
  2329 | Sewer    | Entered a sewer
  3031 | Sewer    | Reached XP level 6. HP: 32/32 MP: 9/11
  3081 | Sewer    | Found a viscous altar of Jiyva.
  3262 | D:3      | Found Doimecw's Antique Armour Shop.
  3272 | D:3      | Bought a helmet for 94 gold pieces
  3941 | D:3      | Found a shadowy altar of Dithmenos.
  4066 | D:4      | Found a staircase to the Ecumenical Temple.
  4080 | Temple   | Entered the Ecumenical Temple
  4148 | Temple   | Became a worshipper of Sif Muna the Loreminder
  4304 | D:4      | Found a basalt altar of Yredelemnul.
  4441 | D:4      | Found a hide-covered altar of Uskayaw.
  4536 | D:4      | Reached skill level 5 in Fire Magic
  4566 | D:4      | Noticed a black bear
  4574 | D:4      | Killed a black bear
  4575 | D:4      | Reached XP level 7. HP: 36/36 MP: 10/13
  4818 | D:4      | Found a white marble altar of Elyvilon.
  4957 | D:5      | Entered Level 5 of the Dungeon
  4989 | D:5      | Noticed Sigmund
  4999 | D:5      | Killed Sigmund
  5038 | D:5      | Reached skill level 5 in Spellcasting
  5192 | D:5      | Reached XP level 8. HP: 41/41 MP: 12/16
  5234 | D:5      | Reached skill level 6 in Fire Magic
  5581 | D:5      | Found a hazy altar of Hepliaklqana.
  5914 | D:6      | Reached skill level 5 in Conjurations
  5948 | D:6      | Reached * piety under Sif Muna
  5958 | D:6      | Found an ancient bone altar of Kikubaaqudgha.
  6087 | D:6      | Reached skill level 7 in Fire Magic
  6661 | D:7      | Reached XP level 9. HP: 45/45 MP: 15/18
  6708 | D:7      | Identified the +0 ring mail "Ekhahaz" {rElec rPois Will++
                  | Dex-4}
  6985 | D:7      | Reached skill level 8 in Fire Magic
  7181 | D:7      | Reached skill level 1 in Invocations
  7790 | D:8      | Reached ** piety under Sif Muna
  7896 | D:8      | Found a sacrificial altar of Ru.
  7913 | D:8      | Noticed Pikel
  7922 | D:8      | Killed Pikel
  7923 | D:8      | Reached skill level 9 in Fire Magic
  7923 | D:8      | Reached XP level 10. HP: 37/51 MP: 8/22
  8071 | D:8      | Noticed Erica
  8078 | D:8      | Killed Erica
  8079 | D:8      | Reached skill level 1 in Fighting
  8185 | D:8      | Found a staircase to the Lair.
  9174 | D:9      | Found a transporter.
  9278 | D:9      | Noticed an oklob plant
  9284 | D:9      | Noticed sanka's ghost (journeyman GrEE)
  9287 | D:9      | Noticed a two-headed ogre
  9300 | D:9      | Reached skill level 10 in Fire Magic
  9320 | D:9      | Learned a level 5 spell: Fireball
  9339 | D:9      | Found a flagged portal.
  9347 | Bailey   | Entered a bailey
  9454 | Bailey   | Noticed an orc knight
  9583 | Bailey   | Noticed a kobold demonologist
  9587 | Bailey   | Noticed a soul eater
  9593 | Bailey   | Noticed a rust devil
  9645 | Bailey   | Reached *** piety under Sif Muna
  9768 | Bailey   | Noticed a rust devil
  9773 | Bailey   | Killed a kobold demonologist
  9790 | Bailey   | Reached XP level 11. HP: 56/56 MP: 5/24
  9837 | Bailey   | Killed an orc knight
 10150 | Bailey   | Found an iron altar of Okawaru.
 10617 | D:9      | Found an iron altar of Okawaru.
 10629 | D:9      | Found a glowing golden altar of the Shining One.
 10632 | D:9      | Found a radiant altar of Vehumet.
 10635 | D:9      | Found a shimmering altar of Xom.
 10697 | D:9      | Noticed a manticore
 10698 | D:9      | Noticed an eight-headed hydra
 10706 | D:9      | Found a transporter.
 10781 | D:9      | Reached skill level 10 in Spellcasting
 11654 | D:1      | Bought a scroll of enchant armour for 97 gold pieces
 11654 | D:1      | Bought a scroll of enchant armour for 97 gold pieces
 11654 | D:1      | Bought a scroll of identify for 26 gold pieces
 11657 | D:1      | Acquired 901 gold pieces
 11920 | D:10     | Entered Level 10 of the Dungeon
 12020 | D:10     | Reached skill level 11 in Fire Magic
 12207 | D:10     | Noticed a two-headed ogre
 12213 | D:10     | Killed a two-headed ogre
 12214 | D:10     | Reached skill level 1 in Maces & Flails
 12496 | D:10     | Reached **** piety under Sif Muna
 12505 | D:10     | Noticed a deep elf pyromancer
 12511 | D:10     | Killed a deep elf pyromancer
 12589 | D:10     | Noticed a deep elf pyromancer
 12600 | D:10     | Killed a deep elf pyromancer
 12725 | D:10     | Found a staircase to the Orcish Mines.
 13104 | Lair:1   | Entered Level 1 of the Lair of Beasts
 13109 | Lair:1   | Reached XP level 12. HP: 61/61 MP: 23/27
 13172 | Lair:1   | Found a transporter.
 13287 | Lair:1   | Found a transporter.
 13426 | Lair:1   | Learned a level 1 spell: Magic Dart
 13430 | Lair:1   | Learned a level 3 spell: Hailstorm
 13528 | Lair:1   | Reached skill level 12 in Fire Magic
 13786 | Lair:1   | Noticed Grum
 13797 | Lair:1   | Killed Grum
 14301 | Lair:2   | Found a sacrificial altar of Ru.
 14499 | Lair:2   | Reached ***** piety under Sif Muna
 14574 | Lair:2   | Learned a level 6 spell: Starburst
 14580 | Lair:2   | Noticed a seven-headed hydra
 14592 | Lair:2   | Killed a seven-headed hydra
 14593 | Lair:2   | Reached skill level 10 in Conjurations
 14660 | Lair:2   | Received a gift from Sif Muna
 14663 | Lair:2   | Got Qok Qo Pamm's Atlas of the Switch and Bolts {god gift}
 14716 | Lair:2   | Learned a level 2 spell: Searing Ray
 14718 | Lair:2   | Noticed an eight-headed hydra
 14725 | Lair:2   | Killed an eight-headed hydra
 14751 | Lair:2   | Found a staircase to the Swamp.
 15389 | Lair:3   | Found a staircase to the Snake Pit.
 15494 | Lair:3   | Identified the +6 long sword "Utegeur" {pain, rN+ Dex+5}
 15533 | Lair:3   | Reached skill level 13 in Fire Magic
 15533 | Lair:3   | Reached XP level 13. HP: 48/66 MP: 21/29
 16641 | Lair:4   | Found a frozen archway.
 16660 | IceCv    | Entered an ice cave
 16989 | IceCv    | Noticed an ice dragon
 17004 | IceCv    | Killed an ice dragon
 17377 | Lair:4   | Received a gift from Sif Muna
 18020 | Lair:4   | Reached skill level 14 in Fire Magic
 18496 | Lair:5   | Entered Level 5 of the Lair of Beasts
 18550 | Lair:5   | Found a gate leading to a gauntlet.
 18559 | Gauntlet | Entered a Gauntlet
 18559 | Gauntlet | Found a transporter.
 18559 | Gauntlet | Found a transporter.
 18563 | Gauntlet | Found a transporter.
 18563 | Gauntlet | Found a transporter.
 18563 | Gauntlet | Found a transporter.
 18564 | Gauntlet | Found a transporter.
 18574 | Gauntlet | Found a transporter.
 18574 | Gauntlet | Found a transporter.
 18577 | Gauntlet | Found a transporter.
 18577 | Gauntlet | Found a transporter.
 18586 | Gauntlet | Noticed a balrug
 18587 | Gauntlet | Found a transporter.
 18590 | Gauntlet | Found a transporter.
 18832 | Gauntlet | Gained mutation: Your large and strong wings let you fly.
                  | [Gargoyle growth]
 18832 | Gauntlet | Reached XP level 14. HP: 64/72 MP: 25/31
 19120 | Gauntlet | Identified the amulet "Esuexeiz" {RegenMP Str+3 Stlth+}
 19452 | Lair:5   | Found a viscous altar of Jiyva.
 19454 | Lair:5   | Found a staircase to the Slime Pits.
 20009 | Lair:5   | Reached skill level 15 in Fire Magic
 21160 | Lair:5   | Reached skill level 5 in Invocations
 21565 | Orc:1    | Entered Level 1 of the Orcish Mines
 21745 | Orc:1    | Found Edibac's Weapon Emporium.
 22056 | Orc:2    | Entered Level 2 of the Orcish Mines
 22266 | Orc:2    | Found a staircase to the Elven Halls.
 22364 | Orc:2    | Received a gift from Sif Muna
 22365 | Orc:2    | Got Sif Muna's Teachings on the Volley {god gift}
 22372 | Orc:2    | Learned a level 5 spell: Iskenderun's Battlesphere
 22533 | Orc:2    | Gained mutation: You occasionally lose the ability to drink
                  | potions when taking damage. [a neqoxec]
 22540 | Orc:2    | HP: 2/74 [sun demon[an orc high priest] (4)]
 22540 | Orc:2    | Mangled by a sun demon

Illustrated notes

Levels and vault maps discovered:
D:1:      dpeg_arrival_radiant, layout_rooms, serial_curves, eino_curves_03,
          eino_curves_02, serial_shops, shop
D:2:      layout_loops_ring, shapermc_ecumenical_altar_acropolis,
          minmay_fountain_box, chequers_big_river
D:3:      minmay_chambers_of_threes, layout_loops_ring,
          mainiacjoe_overflow_brackets, gup_sewer_entry_glass, serial_shops,
          shop
D:4:      layout_loops_cross, mainiacjoe_overflow_paths, kennysheep_mini,
          mainiacjoe_overflow_catwalk, minmay_temple_entry_statues,
          minmay_misc_feat_room
D:5:      layout_loops_corners, worldfamousw_hep_ancestral_shrine, uniq_sigmund
D:6:      layout_basic, kiku_gazebo_pond_becter
D:7:      layout_loops_corners, kb_lookout_dungeons_type, minmay_misc_feat_x
D:8:      layout_gridville, nicolae_ru_awakened_eye, david_lair_shrubbed,
          dk_noncrumbling_2, uniq_erica, uniq_pikel
D:9:      layout_cave_pods, grunt_temple_overflow_cloverleaf,
          serial_column_ruins, column_ruins_pillar_6, column_ruins_pillar_7,
          column_ruins_pillar_3, column_ruins_pillar_1, column_ruins_pillar_10,
          column_ruins_pillar_7, column_ruins_pillar_3, column_ruins_pillar_1,
          column_ruins_pillar_3, column_ruins_pillar_1, column_ruins_pillar_1,
          column_ruins_pillar_9, column_ruins_pillar_1, column_ruins_pillar_1,
          column_ruins_pillar_1, column_ruins_pillar_2, column_ruins_pillar_12,
          column_ruins_pillar_1, column_ruins_pillar_9, column_ruins_pillar_9,
          enter_bailey_3, nzn_ghost_randoct, chequers_garden
D:10:     layout_basic, david_orc_5, hangedman_minor_magic
Temple:   minmay_temple_curvy_loop
Lair:1:   gammafunk_cloud_chamber, layout_hall_layers, uniq_grum
Lair:2:   layout_chaotic_city, palyth_hydra_swamp_entry, lemuel_oklob_altar
Lair:3:   lemuel_ratsnest, layout_chaotic_city, guppyfry_snake_entry_island
Lair:4:   cheibrodos_lair_river_kwai, layout_gridlike,
          portal_ice_cave_demonic_guard, nicolae_quartered_pool_impasse
Lair:5:   minmay_lair_end_frog_pond, layout_cave_pods, slime_entry_1,
          gauntlet_entry_generic
Orc:1:    layout_caves, serial_shops, nicolae_shop_bloodbath_and_beyond
Orc:2:    st_orc_pillars, layout_caves

Skill      XL: |  1  2  3  4  5  6  7  8  9 10 11 12 13 14 |
---------------+-------------------------------------------+-----
Conjurations   | 2 3 4 5 6 7 9 10 11 12 | 12.4
Fire Magic     | 4 5 7 9 10 11 13 14 15 | 15.4
Spellcasting   | 3 4 5 6 8 9 11 12 13 14 | 14.7
Dodging        | 2 3 4 |  4.6
Invocations    | 2 3 4 5 |  5.2
Fighting       | 1 2 3 |  3.2
Maces & Flails | 1 2 |  2.2
Stealth        | |  2.1

Action                     |  1- 3 |  4- 6 |  7- 9 | 10-12 | 13-15 || total
---------------------------+-------+-------+-------+-------+-------++-------
  Melee: Whip              |     4 |     4 |     2 |       |       ||    10
         Flail             |       |       |     1 |     2 |       ||     3
         Mace              |       |       |       |    35 |    14 ||    49
   Cast: Foxfire           |    61 |   143 |   168 |   434 |   415 ||  1221
         Scorch            |     2 |    18 |    37 |    63 |   104 ||   224
         Flame Wave        |       |       |     9 |    46 |    73 ||   128
         Fireball          |       |       |       |    31 |    65 ||    96
         Hailstorm         |       |       |       |     1 |       ||     1
         Iskenderun's Batt |       |       |       |       |     4 ||     4
 Invoke: Channel Magic     |       |       |     2 |    10 |     9 ||    21
    Use: Scroll            |       |    13 |     8 |     7 |     7 ||    35
         Potion            |       |       |       |       |     2 ||     2
 Armour: Robe              |     4 |    11 |    26 |    84 |   248 ||   373
         Skin              |       |       |       |       |     4 ||     4
  Dodge: Dodged            |    12 |    12 |    43 |   101 |   232 ||   400

Table legend: (Time is in decaauts)
 A = Elapsed time spent in this place.
 B = Non-inter-level travel time spent in this place.
 C = Inter-level travel time spent in this place.
 D = Time resting spent in this place.
 E = Time spent auto-exploring this place.
 F = Levels seen in this place.
 G = Mean time per level.
                   A        B        C        D        E       F      G
               +--------+--------+--------+--------+--------+-----+--------+
         Total |  22568 |  21442 |   1126 |    780 |  15333 |  22 | 1025.8 |
       Dungeon |  11042 |  10138 |    904 |    224 |   8046 |  10 | 1104.2 |
        Temple |    212 |    188 |     24 |      0 |    176 |   1 |  212.0 |
          Lair |   6894 |   6697 |    197 |    296 |   5019 |   5 | 1378.8 |
  Orcish Mines |    943 |    943 |      0 |      0 |    695 |   2 |  471.5 |
         Sewer |    797 |    797 |      0 |      0 |    641 |   1 |  797.0 |
        Bailey |   1215 |   1215 |      0 |    115 |     85 |   1 | 1215.0 |
      Ice Cave |    607 |    607 |      0 |    145 |    247 |   1 |  607.0 |
      Gauntlet |    855 |    855 |      0 |      0 |    424 |   1 |  855.0 |
               +--------+--------+--------+--------+--------+-----+--------+

Top non-repeatable levels by time:
  Lair:5: 2026 daAuts
     D:8: 1571 daAuts
  Lair:4: 1486 daAuts
     D:2: 1222 daAuts
  Bailey: 1215 daAuts
     D:9: 1199 daAuts
  Lair:1: 1172 daAuts
    D:10: 1171 daAuts
  Lair:2: 1156 daAuts
     D:7: 1130 daAuts
     D:3: 1109 daAuts
     D:1: 1075 daAuts
  Lair:3: 1052 daAuts
     D:5: 949 daAuts
     D:6: 867 daAuts
